AoeStats
← eivind_gw

Arabia

506476315Analyzed
1v1 RM · 19d ago on Sep 13, 2026· 44m 44s· 2 players
Game mode
Random Map
Map size
Tiny (2 player)
Population
200
Speed
Normal
Resources
Standard
Victory
Conquest
Starting age
Dark Age
Ending age
Imperial Age
RankedLock teamsTeams togetherTeam positionsShared explorationLock speedFull tech treeHidden civsTurbo modeCheats
Victory
Defeat
🇳🇴 Ethiopians · Norway
1242
+16
🇺🇸 Burmese · United States
1252
-16
eivind_gw
6:28 Loom
9:16 Feudal Age
9:21 Man-at-Arms
17:31 Fletching
19:45 Padded Archer Armor
24:39 Castle Age
23:52 Horse Collar
25:21 Heavy Plow
25:17 Bodkin Arrow
24:44 Crossbowman
25:10 Double-Bit Axe
25:25 Gold Mining
27:04 Scale Mail Armor
28:06 Bow Saw
28:28 Sanctity
29:09 Squires
34:01 Ballistics
35:20 Wheelbarrow
40:33 Imperial Age
38:53 Chain Mail Armor
40:14 Thumb Ring
40:23 Town Watch
41:23 Bracer
42:29 Chemistry
41:18 Arbalester
44:32 Stone Mining
DeusCon
3:21 Loom
11:24 Feudal Age
11:38 Man-at-Arms
13:00 Arson
13:22 Horse Collar
17:52 Scale Barding Armor
21:48 Castle Age
20:24 Bloodlines
20:34 Gold Mining
21:23 Fletching
26:09 Wheelbarrow
27:04 Ballistics
28:59 Devotion
29:09 Stone Mining
30:30 Husbandry
31:36 Hand Cart
31:51 Light Cavalry
32:47 Heavy Plow
39:54 Imperial Age
37:36 Town Watch
40:33 Bodkin Arrow
41:54 Chemistry
41:23 Bodkin Arrow
41:13 Capped Ram
41:51 Light Cavalry
42:53 Chain Barding Armor
42:59 Conscription
43:31 Hussar
45:21 Plate Barding Armor
Connection lost

Rejoining the realm…

Still unreachable

The connection could not be restored.

Session expired

The server has moved on; the page needs a fresh start.